 Dungeon Crawl Stone Soup version 0.28.0-45-g0d030f2227 (webtiles) character file.

Game seed: 1790571253237461459

40301 gohu the Severer (level 13, -16/128 HPs)
             Began as a Minotaur Fighter on May 1, 2022.
             Was a High Priest of Okawaru.
             Collided with some lava (20 damage)
             ... caused by a swamp worm
             ... on level 5 of the Lair of Beasts.
             The game lasted 00:48:38 (19318 turns).

gohu the Severer (Minotaur Fighter)                Turns: 19318, Time: 00:48:39

Health: -16/128    AC: 28    Str: 33    XL:     13   Next: 73%
Magic:  34/34      EV: 15    Int:  5    God:    Okawaru [*****.]
Gold:   1324       SH:  7    Dex: 13    Spells: 10/12 levels left

rFire   . . .      SeeInvis +   V - +1 war axe "Kaohiasm" {vorpal, MP+9 Dex+2 SInv}
rCold   + . .      Faith    .   c - +0 buckler
rNeg    + . .      Spirit   .   W - +1 plate armour {rC+}
rPois   +          Reflect  .   Z - +1 hat
rElec   .          Harm     +   F - +1 cloak {Will+}
rCorr   .          Rampage  .   X - +2 pair of gloves "Govof" {Harm MP+9}
Will    +....                   (no boots)
Stlth   ..........              a - amulet of the Evening {Harm rPois Will+ Regen+ Slay+2}
HPRegen 1.11/turn               D - ring of Brilliance {rN+ Will- Str+8 Slay+5}
MPRegen 0.24/turn               s - +4 ring of evasion

@: heroic, studying Earth Magic
A: horns 2, retaliatory headbutt
a: Renounce Religion, Heroism, Finesse, Duel


You were on level 5 of the Lair of Beasts.
You worshipped Okawaru.
Okawaru was extremely pleased with you.
You visited 2 branches of the dungeon, and saw 16 of its levels.
You also visited: Ossuary and Gauntlet.

You collected 1324 gold pieces.

Inventory:

Hand Weapons
 o - a +0 battleaxe of flaming
 T - a +2 scimitar of flaming
 V - the +1 war axe "Kaohiasm" (weapon) {vorpal, MP+9 Dex+2 SInv}
   (Okawaru gifted it to you on level 2 of the Lair of Beasts)

   It inflicts extra damage upon your enemies.
   Dex:       It affects your dexterity (+2).
   MP:        It affects your magic capacity (+9).
   SInv:      It lets you see invisible.
Missiles
 z - 11 javelins
 I - 2 silver javelins (quivered)
Armour
 c - a +0 buckler (worn)
 A - a +0 kite shield
 F - a +1 cloak of willpower (worn)
 J - the +0 cloak "Javy" {rElec}
   (You found it in a Gauntlet)

   rElec:     It insulates you from electricity.
 W - a +1 plate armour of cold resistance (worn)
 X - the +2 pair of gloves "Govof" (worn) {Harm MP+9}
   (Okawaru gifted it to you on level 10 of the Dungeon)

   MP:        It affects your magic capacity (+9).
   Harm:      It increases damage dealt and taken.
 Z - a +1 hat (worn)
Jewellery
 a - the amulet of the Evening (around neck) {Harm rPois Will+ Regen+ Slay+2}
   (You found it on level 3 of the Lair of Beasts)

   [amulet of regeneration]

   Slay:      It affects your accuracy & damage with ranged weapons and melee
   (+2).
   rPois:     It protects you from poison.
   Regen:     It increases your rate of health regeneration.
   Harm:      It increases damage dealt and taken.
   Will:      It increases your willpower.
 g - an amulet of reflection
 i - a ring of protection from cold
 k - a ring of magical power
 s - a +4 ring of evasion (right hand)
 B - a ring of magical power
 D - the ring of Brilliance (left hand) {rN+ Will- Str+8 Slay+5}
   (You found it in a Gauntlet)

   [ring of positive energy]

   Str:       It affects your strength (+8).
   Slay:      It affects your accuracy & damage with ranged weapons and melee
   (+5).
   rN:        It protects you from negative energy.
   Will:      It decreases your willpower.
 E - a ring of positive energy
 G - an amulet of magic regeneration
 K - a ring of protection from fire
 N - a ring of flight
 R - an amulet of faith
 U - a ring of willpower
Wands
 b - a wand of iceblast (7)
 C - a wand of mindburst (30)
 L - a wand of digging (15)
 O - a wand of paralysis (16)
 Q - a wand of flame (11)
Scrolls
 l - 3 scrolls of fear
 n - a scroll of enchant weapon
 p - 4 scrolls of teleportation
 t - 2 scrolls of fog
 u - 6 scrolls of magic mapping {unknown}
 w - 4 scrolls of blinking
 x - 6 scrolls of enchant armour {unknown}
 y - 2 scrolls of silence
 M - a scroll of noise
 S - 4 scrolls of identify
Potions
 d - 4 potions of ambrosia
 e - a potion of resistance
 f - 5 potions of invisibility
 h - 7 potions of haste
 j - 5 potions of brilliance
 m - 6 potions of curing
 q - 6 potions of flight
 r - 4 potions of lignification
 v - 6 potions of heal wounds
 H - 2 potions of might
 P - a potion of magic


   Skills:
 + Level 15.8(20.8) Fighting
 - Level 16.0(21.0) Axes
 + Level 15.2(20.2) Armour
 + Level 0.1(5.1) Dodging
 - Level 9.1(14.1) Shields
 - Level 5.5 Invocations


You had 10 spell levels left.
You knew the following spells:

 Your Spells              Type           Power      Damage    Failure   Level
a - Blink                 Tloc           0%         N/A       97%         2

Your spell library contained the following spells:

 Spells                   Type           Power      Damage    Failure   Level
 Apportation              Tloc           0%         N/A       91%         1
 Freeze                   Ice            0%         1d3       91%         1
 Slow                     Hex            0%         N/A       91%         1
 Corpse Rot               Necr/Air       0%         N/A       97%         2
 Poisonous Vapours        Pois/Air       0%         N/A       97%         2
 Confusing Touch          Hex            0%         N/A       100%        3
 Conjure Flame            Conj/Fire      0%         6-21      100%        3
 Frozen Ramparts          Ice            0%         1d2       100%        3
 Gell's Gravitas          Tloc           0%         N/A       100%        3
 Ignite Poison            Fire/Tmut/Pois 0%         N/A       100%        3
 Lesser Beckoning         Tloc           0%         N/A       100%        3
 Mephitic Cloud           Conj/Pois/Air  0%         N/A       100%        3
 Teleport Other           Tloc           0%         N/A       100%        3
 Vampiric Draining        Necr           0%         2d6       100%        3
 Flame Wave               Conj/Fire      0%         2d4       100%        4
 Hailstorm                Conj/Ice       0%         3d3       100%        4
 Sticky Flame             Conj/Fire      0%         2d3       100%        4
 Freezing Cloud           Conj/Ice/Air   0%         6-21      100%        5
 Lightning Bolt           Conj/Air       0%         1d11      100%        5
 Manifold Assault         Tloc           0%         N/A       100%        5
 Metabolic Englaciation   Hex/Ice        0%         N/A       100%        5
 Conjure Ball Lightning   Conj/Air       0%         3x3d6     100%        6
 Storm Form               Tmut/Air       0%         N/A       100%        7
 Discord                  Hex            0%         N/A       100%        8
 Disjunction              Tloc           0%         N/A       100%        8
 Animate Skeleton         Necr           Unusable   N/A       N/A         1
 Summon Small Mammal      Summ           Unusable   N/A       N/A         1
 Tukima's Dance           Hex            Unusable   N/A       N/A         3
 Summon Forest            Summ/Tloc      Unusable   N/A       N/A         5
 Summon Mana Viper        Hex/Summ       Unusable   N/A       N/A         5
 Summon Cactus Giant      Summ           Unusable   N/A       N/A         6

Dungeon Overview and Level Annotations

Branches:
Dungeon (11/15)            Temple (0/1) D:4            Lair (5/6) D:11
  Swamp (0/4) Lair:3        Snake (0/4) Lair:2          Orc (0/2) D:9
Ossuary (visited)         Gauntlet (visited)
  Slime: Lair:5-6

Altars:
Fedhas
Gozag
Hepliaklqana
Kikubaaqudgha
Makhleb
Nemelex Xobeh
Okawaru
Qazlal
Ru
Sif Muna
Uskayaw
Xom
Yredelemnul
Zin
The Shining One

Shops:
D:8 [

Annotations:
Lair:1 exclusion: oklob plant
Lair:5 1 transporter


Innate Abilities, Weirdness & Mutations

You have a pair of horns on your head.
You reflexively headbutt those who attack you in melee.


Message History

The harpoon shot hits you!
You are yanked forward by the harpoon shot.
You violently stop moving!
You slice the briar patch!!
You destroy the briar patch!
You slash the briar patch!
You destroy the briar patch!
You are engulfed in dark miasma.
The swamp worm fires a harpoon shot at you.
The harpoon shot hits you.
You are yanked forward by the harpoon shot.
You violently stop moving!
You slice the briar patch!!
You destroy the briar patch!
You are engulfed in dark miasma.
The swamp worm fires a harpoon shot at you.
The harpoon shot misses you.
The swamp worm fires a harpoon shot at you.
You block the harpoon shot.
You are struck by the briar patch's thorns.
You hit the briar patch.
The briar patch is moderately damaged.
The swamp worm fires a harpoon shot at you.
The harpoon shot hits you.
You are yanked forward by the harpoon shot.
You violently stop moving!
The swamp worm fires a harpoon shot at you.
The harpoon shot hits you.
* * * LOW HITPOINT WARNING * * *
You are yanked forward by the harpoon shot.
You violently stop moving!
* * * LOW HITPOINT WARNING * * *
You hit the briar patch.
The briar patch is heavily damaged.
The swamp worm fires a harpoon shot at you.
The harpoon shot hits you!!
* * * LOW HITPOINT WARNING * * *
You are yanked forward by the harpoon shot.
You violently stop moving!
You die...

.....###..## #......#.P.###
.....# ##.†####..#......P..#
.....###....#....©.......P.##
..#.P...#......#####...#....##
.............).#[©=#.P...P..P###
...............#[))#........PP.##
#....###P.P..####+####.......P..#
###..........##≈P☼P≈w#..#...P....
#..#[#P.#..#w≈@^P≈##...#..PP.P.
#.######...###○^.≈w#..##.......
### #...#♣≈.^○###.##########
##..##≈P^.≈w#..# #
##P.#w≈P^§§##..# # #...##≈.^§≈♣
## # ##P.###.©.## .## .
#.#..#####....# .. ####...©...# #


You could see 5 swamp worms.

Vanquished Creatures
  Gastronok (D:11)
  Nessos (Lair:5)
  A minotaur (Gauntlet)
  5 hydras
  Harold (D:7)
  A boulder beetle (D:9)
  3 two-headed ogres
  Erica (D:9)
  2 centaur warriors (D:9)
  Urug (Lair:5)
  A glowing orange brain (Gauntlet)
  Pikel (D:9)
  A manticore (D:8)
  An ugly thing (Gauntlet)
  9 elephants
  3 black mambas
  4 molten gargoyles (D:10)
  Maurice (D:8)
  6 cane toads
  2 gargoyles (D:11)
  Maggie (D:9)
  4 kobold demonologists
  A rime drake (Lair:4)
  4 komodo dragons
  2 polar bears
  5 trolls
  A wolf spider simulacrum (Gauntlet)
  A tyrant leech (Lair:3)
  7 blink frogs
  Prince Ribbit (D:8)
  A centaur simulacrum (Gauntlet)
  A shadow (D:9)
  2 water elementals (D:11)
  Eustachio (D:5)
  2 wraiths
  4 wyverns
  21 yaks
  A basilisk (Lair:2)
  A vampire mosquito (D:8)
  A warg (D:6)
  4 swamp worms (Lair:3)
  2 acid dragons
  12 water moccasins
  A sky beast (D:7)
  10 orc warriors
  2 black bears
  An ice dragon simulacrum (Gauntlet)
  9 ogres (D:6)
  3 centaurs
  A phantom (D:5)
  A lemure (D:9)
  6 kobold brigands
  Blork the orc (D:5)
  13 bullfrogs
  3 elf skeletons (D:4)
  4 gnoll sergeants
  A water moccasin zombie (D:7)
  A scorpion (D:5)
  A water moccasin skeleton (D:7)
  3 wights
  8 howler monkeys (D:6)
  A lava snake (D:10)
  2 bullfrog zombies
  4 centaur zombies
  10 hounds
  16 orc priests
  2 gnoll shamans (D:6)
  2 bullfrog skeletons
  4 human skeletons (D:4)
  8 iguanas
  Ijyb (D:5)
  20 orc wizards
  3 hell rats (Lair:4)
  A killer bee zombie (D:4)
  12 mummies (Ossuary)
  2 howler monkey zombies (D:6)
  Robin (D:4)
  17 gnolls
  5 adders
  6 river rats (Lair:4)
  A shadow imp (D:6)
  An adder skeleton (D:4)
  A worm (D:5)
  3 dart slugs
  58 orcs
  9 bats
  8 endoplasms
  4 giant cockroaches
  11 goblins
  7 hobgoblins
  2 jackals (D:1)
  14 kobolds
  6 quokkas
  7 ball pythons
  7 frilled lizards
  2 gnoll skeletons (Ossuary)
  A goblin skeleton (Ossuary)
  A kobold skeleton (Ossuary)
  7 orc skeletons
  An orc zombie (D:4)
  17 rats
  11 rat skeletons (Ossuary)
  9 briar patches (Lair:5)
500 creatures vanquished.

Vanquished Creatures (others)
  An orc wizard (D:9)
  8 fungi
  12 plants
21 creatures vanquished.

Grand Total: 521 creatures vanquished

Notes
Turn   | Place    | Note
-------+----------+-------------------------------------------
     0 | D:1      | gohu the Minotaur Fighter began the quest for the Orb.
     0 | D:1      | Reached XP level 1. HP: 19/19 MP: 0/0
   131 | D:1      | You fall into a shaft and drop 1 floor!
   170 | D:2      | Reached XP level 2. HP: 27/27 MP: 1/1
   176 | D:2      | Reached skill level 3 in Axes
   412 | D:1      | Reached XP level 3. HP: 32/33 MP: 2/2
  1861 | D:3      | Found a stormy altar of Qazlal.
  2078 | D:3      | Reached skill level 4 in Axes
  2131 | D:3      | Found an iron altar of Okawaru.
  2146 | D:3      | Became a worshipper of Warmaster Okawaru
  2240 | D:3      | Reached XP level 4. HP: 40/40 MP: 3/3
  2245 | D:3      | Noticed a black bear
  2252 | D:3      | Killed a black bear
  2253 | D:3      | Reached skill level 5 in Axes
  2253 | D:3      | Reached XP level 5. HP: 31/47 MP: 4/4
  2390 | D:3      | Reached * piety under Okawaru
  2708 | D:3      | Found a burning altar of Makhleb.
  2708 | D:3      | Noticed a blizzard demon
  2711 | D:3      | Noticed a neqoxec
  2711 | D:3      | Noticed a neqoxec
  3038 | D:4      | Reached skill level 6 in Axes
  3038 | D:4      | Reached skill level 5 in Armour
  3038 | D:4      | Reached XP level 6. HP: 53/53 MP: 5/5
  3081 | D:4      | Reached ** piety under Okawaru
  3082 | D:4      | Reached skill level 7 in Axes
  3128 | D:4      | Reached skill level 5 in Fighting
  3134 | D:4      | Found a sand-covered staircase.
  3145 | Ossuary  | Entered an ossuary
  3187 | Ossuary  | Reached XP level 7. HP: 61/61 MP: 6/6
  3405 | Ossuary  | Reached skill level 8 in Axes
  3856 | D:4      | Found a staircase to the Ecumenical Temple.
  3881 | D:4      | Noticed Robin
  3888 | D:4      | Killed Robin
  3984 | D:4      | Found a basalt altar of Yredelemnul.
  4318 | D:4      | Reached skill level 9 in Axes
  4368 | D:5      | Entered Level 5 of the Dungeon
  4509 | D:5      | Noticed an angel
  4510 | D:5      | Found a glowing silver altar of Zin.
  4644 | D:5      | Reached XP level 8. HP: 69/69 MP: 7/7
  4681 | D:5      | Noticed Ijyb
  4688 | D:5      | Killed Ijyb
  4820 | D:5      | Noticed Eustachio
  4838 | D:5      | Killed Eustachio
  4839 | D:5      | Reached skill level 10 in Axes
  4980 | D:5      | Found a hide-covered altar of Uskayaw.
  5133 | D:5      | Noticed Blork the orc
  5161 | D:5      | Killed Blork the orc
  5584 | D:5      | Reached *** piety under Okawaru
  5585 | D:5      | Reached skill level 11 in Axes
  5739 | D:5      | Found a glowing golden altar of the Shining One.
  6251 | D:6      | Reached XP level 9. HP: 78/78 MP: 8/8
  6326 | D:6      | Reached skill level 12 in Axes
  6510 | D:6      | Reached **** piety under Okawaru
  6625 | D:6      | Noticed a kobold demonologist
  6629 | D:6      | Noticed a hellwing
  6630 | D:6      | Killed a kobold demonologist
  6631 | D:6      | Reached skill level 13 in Axes
  6643 | D:6      | Identified the +0 leather armour "Otushu" {rF+}
  6813 | D:6      | Reached skill level 1 in Invocations
  6963 | D:5      | Received a gift from Okawaru
  7254 | D:6      | Reached skill level 14 in Axes
  7267 | D:6      | Reached XP level 10. HP: 20/86 MP: 7/9
  7755 | D:6      | Reached ***** piety under Okawaru
  7780 | D:6      | Reached skill level 5 in Shields
  8098 | D:7      | Noticed Harold
  8115 | D:7      | Killed Harold
  8133 | D:7      | Reached skill level 15 in Axes
  8533 | D:7      | Found an ancient bone altar of Kikubaaqudgha.
  8748 | D:7      | Found a sparkling altar of Nemelex Xobeh.
  8749 | D:7      | Found a blossoming altar of Fedhas.
  9207 | D:8      | Found Raxiehek's Antique Armour Boutique.
  9288 | D:8      | Received a gift from Okawaru
  9516 | D:8      | Noticed a manticore
  9524 | D:8      | Killed a manticore
  9525 | D:8      | Reached skill level 16 in Axes
  9533 | D:8      | Reached XP level 11. HP: 68/95 MP: 4/11
  9800 | D:8      | Noticed Prince Ribbit
  9804 | D:8      | Killed Prince Ribbit
  9879 | D:8      | Noticed Maurice
  9895 | D:8      | Killed Maurice
 10327 | D:9      | Found a hazy altar of Hepliaklqana.
 10369 | D:9      | Found a shimmering blue altar of Sif Muna.
 10430 | D:9      | Noticed a two-headed ogre
 10437 | D:9      | Noticed Maggie
 10481 | D:8      | Killed a two-headed ogre
 10492 | D:9      | Killed Maggie
 10652 | D:9      | Noticed Erica
 10658 | D:9      | Killed Erica
 10707 | D:9      | Found a staircase to the Orcish Mines.
 10730 | D:9      | Noticed a two-headed ogre
 10735 | D:9      | Noticed a centaur warrior
 10738 | D:9      | Killed a two-headed ogre
 10738 | D:9      | Received a gift from Okawaru
 10739 | D:9      | Reached skill level 10 in Fighting
 10743 | D:9      | Noticed a centaur warrior
 10751 | D:9      | Identified the +1 ring mail of the Desolation of Salt {rN+}
                  | (Okawaru gifted it to you on level 9 of the Dungeon)
 10751 | D:9      | Received a gift from Okawaru
 10766 | D:9      | Killed a centaur warrior
 10772 | D:9      | Killed a centaur warrior
 10782 | D:9      | Reached skill level 10 in Armour
 10815 | D:9      | Identified the +5 halberd "Killer Klown's Regret" {freeze,
                  | Int+4}
 10963 | D:9      | Noticed Pikel
 10979 | D:9      | Killed Pikel
 12092 | D:9      | Noticed a boulder beetle
 12118 | D:9      | Killed a boulder beetle
 12371 | D:10     | Entered Level 10 of the Dungeon
 12391 | D:10     | Identified the +2 pair of gloves "Govof" {Harm MP+9}
                  | (Okawaru gifted it to you on level 10 of the Dungeon)
 12391 | D:10     | Received a gift from Okawaru
 12548 | D:10     | Reached XP level 12. HP: 101/110 MP: 14/14
 12650 | D:10     | Noticed a two-headed ogre
 12671 | D:10     | HP: 1/111 [molten gargoyle/bolt of magma (24)]
 13119 | D:10     | Found a sacrificial altar of Ru.
 13177 | D:10     | Killed a two-headed ogre
 13877 | D:11     | Noticed Gastronok
 13925 | D:11     | Killed Gastronok
 13926 | D:11     | Reached skill level 5 in Invocations
 14253 | D:11     | Found a shimmering altar of Xom.
 14504 | D:11     | Found a staircase to the Lair.
 14915 | Lair:1   | Entered Level 1 of the Lair of Beasts
 14970 | Lair:1   | Found a gate leading to a gauntlet.
 14977 | Gauntlet | Entered a Gauntlet
 14977 | Gauntlet | Found a transporter.
 14985 | Gauntlet | Found a runed translucent door.
 14986 | Gauntlet | Found a transporter.
 14987 | Gauntlet | Found a runed translucent door.
 14987 | Gauntlet | Found a transporter.
 14991 | Gauntlet | Found a transporter.
 14993 | Gauntlet | Found a transporter.
 14993 | Gauntlet | Found a transporter.
 15007 | Gauntlet | Found a transporter.
 15012 | Gauntlet | Found a transporter.
 15057 | Gauntlet | Found a transporter.
 15071 | Gauntlet | Found a transporter.
 15075 | Gauntlet | Found a transporter.
 15078 | Gauntlet | Noticed a five-headed hydra
 15086 | Gauntlet | Found a transporter.
 15239 | Gauntlet | Identified the ring of Brilliance {rN+ Will- Str+8 Slay+5}
 15301 | Gauntlet | Noticed a minotaur
 15310 | Gauntlet | Killed a minotaur
 15314 | Gauntlet | Identified the +0 cloak "Javy" {rElec}
 15315 | Gauntlet | Got the Reference Book on Blows and Bruises
 15320 | Gauntlet | Identified the +4 robe "Ytruseat" {Int+6 Dex-2}
 15321 | Gauntlet | Got the Handbook of Bewitchment
 15355 | Lair:1   | Learned a level 2 spell: Blink
 15711 | Lair:1   | Received a gift from Okawaru
 16302 | Lair:2   | Noticed a six-headed hydra
 16309 | Lair:2   | Killed a three-headed hydra
 16596 | Lair:2   | Noticed a seven-headed hydra
 16604 | Lair:2   | Killed a six-headed hydra
 16605 | Lair:2   | Reached XP level 13. HP: 123/123 MP: 16/16
 16842 | Lair:2   | Found a staircase to the Snake Pit.
 17077 | Lair:2   | Identified the +1 war axe "Kaohiasm" {vorpal, MP+9 Dex+2
                  | SInv} (Okawaru gifted it to you on level 2 of the Lair of
                  | Beasts)
 17077 | Lair:2   | Received a gift from Okawaru
 17291 | Lair:3   | Identified the amulet of the Evening {Harm rPois Will+
                  | Regen+ Slay+2}
 17570 | Lair:3   | Found a staircase to the Swamp.
 18407 | Lair:4   | Reached skill level 15 in Fighting
 18548 | Lair:4   | Found an opulent altar of Gozag.
 19122 | Lair:5   | Noticed Urug
 19129 | Lair:5   | Killed Urug
 19169 | Lair:5   | Found a transporter.
 19181 | Lair:5   | Noticed Nessos
 19188 | Lair:5   | Killed Nessos
 19189 | Lair:5   | Reached skill level 15 in Armour
 19293 | Lair:5   | Found a transporter.
 19318 | Lair:5   | HP: 4/128 [swamp worm/harpoon shot (25)]
 19318 | Lair:5   | Collided with some lava

Illustrated notes

Levels and vault maps discovered:
D:1:      dpeg_arrival_simpleton_a, layout_basic, minmay_tiny_reverse_x
D:2:      layout_loops_ring, minmay_pentomino_t4
D:3:      layout_loops_corners, nicolae_qazlal_general_emergency,
          lemuel_tele_altar, makhleb_altar_promises_db
D:4:      layout_basic, mainiacjoe_overflow_24_doors,
          minmay_temple_entry_from_below_b, nicolae_ossuary_entry_catacombs,
          uniq_robin
D:5:      layout_basic, lemuel_round_altar, zin_angel,
          nicolae_tso_carved_into_rock, uniq_ijyb, uniq_eustachio,
          uniq_blork_the_orc
D:6:      lemuel_castle_with_subvaults [lemuel_castle_interior_carwin_1],
          layout_loops_cross
D:7:      cheibrodos_quashed, layout_loops_ring, nicolae_overflow_crystal_walls,
          chequers_temple_overflow_statue_of_worship, uniq_harold
D:8:      layout_basic, serial_shops, nicolae_shop_stone,
          eino_small_chamber_without_monster, minmay_manual_mandibuliform,
          uniq_maurice, uniq_prince_ribbit1
D:9:      minmay_recursive_quarters, layout_long_grid, old_standard_altar,
          mainiacjoe_overflow_alcove_2, minmay_pinched_square, uniq_pikel,
          uniq_maggie, uniq_erica
D:10:     layout_basic, nicolae_ru_path_of_blood, minivault_8
D:11:     hellmonk_ruined_rings, layout_basic, lair_entry_dummy, serial_glass,
          glass_columns_a, glass_columns_a, tgw_xom, uniq_gastronok
Lair:1:   dpeg_oklob_gauntlet, layout_regular_city, gauntlet_entry_generic
Lair:2:   wad_woods_structure_01, layout_hall_layers
Lair:3:   layout_layer_cave, minmay_swamp_entry_worms
Lair:4:   layout_concentric_octagons, basic_altar, kennysheep_abandoned_house,
          serial_bayou_shore_a
Lair:5:   gammafunk_worm_tunnel, layout_loops_ring, uniq_nessos, uniq_urug

Skill      XL: |  1  2  3  4  5  6  7  8  9 10 11 12 13 |
---------------+----------------------------------------+-----
Fighting       | 4 5 6 7 8 11 13 15 | 15.8
Axes           | 3 4 5 6 7 9 11 14 16 | 16.0
Armour         | 4 5 6 7 8 10 13 15 | 15.2
Shields        | 4 6 7 9 |  9.1
Invocations    | 1 2 4 5 |  5.5
Dodging        | |  0.1

Action                   |  1- 3 |  4- 6 |  7- 9 | 10-12 | 13-15 || total
-------------------------+-------+-------+-------+-------+-------++-------
Melee: War axe           |   102 |    87 |   351 |   632 |   153 ||  1325
       Headbutt          |    11 |    18 |    62 |   155 |    37 ||   283
       Scimitar          |       |       |       |     8 |     8 ||    16
Invok: Heroism           |       |       |     9 |    20 |     4 ||    33
       Finesse           |       |       |       |     8 |     1 ||     9
Evoke: Wand              |       |       |       |     2 |       ||     2
  Use: Potion            |       |     1 |       |     3 |       ||     4
       Scroll            |       |     5 |       |    15 |       ||    20
 Stab: Distracted        |       |       |       |     1 |       ||     1
Armor: Scale mail        |    54 |    19 |    33 |       |       ||   106
       Plate armour      |       |       |    46 |   222 |    62 ||   330
Dodge: Dodged            |    36 |    35 |   134 |   213 |    66 ||   484
Block: Buckler           |    34 |     8 |    56 |   138 |    32 ||   268
